 Dungeon Crawl Stone Soup version 0.21-a0-401-g0b6bec4 (webtiles) character file.

6773 EvilAshe the Thaumaturge (level 10, 0/59 HPs)
             Began as a Deep Elf Conjurer on Oct 21, 2017.
             Was a Believer of Sif Muna.
             Slain by a freezing wraith (8 damage)
             ... led by a death knight
             ... on level 11 of the Dungeon.
             The game lasted 00:47:02 (13666 turns).

EvilAshe the Thaumaturge (Deep Elf Conjurer)       Turns: 13666, Time: 00:47:03

Health: 0/59       AC:  9    Str:  5    XL:     10   Next: 76%
Magic:  16/26      EV: 12    Int: 27    God:    Sif Muna [**....]
Gold:   643        SH:  5    Dex: 15    Spells: 16/29 levels left

rFire    + + .     SeeInvis +   I - +1 war axe (freeze)
rCold    + + .     Gourm    .   s - +0 buckler
rNeg     . . .     Faith    .   H - +0 ring mail of Hedi {rF++ rC+ SInv}
rPois    .         Spirit   .   G - +2 helmet {Int+3}
rElec    .         Reflect  .   (no cloak)
rCorr    .         Harm     .   (no gloves)
MR       ++...                  e - +0 pair of boots
Stlth    +.........             (no amulet)
HPRegen  0.19/turn              B - ring of protection from cold
MPRegen  0.20/turn              j - ring of protection from magic

@: very slightly contaminated, slowed, very slow
A: no striking features
a: Divine Energy, Renounce Religion


You were on level 11 of the Dungeon.
You worshipped Sif Muna.
Sif Muna was pleased with you.
You were not hungry.

You visited 2 branches of the dungeon, and saw 12 of its levels.
You also visited: Sewer.

You collected 643 gold pieces.

Inventory:

Hand Weapons
 I - a +1 war axe of freezing (weapon)
 N - a +2 demon trident of freezing
Armour
 e - a +0 pair of boots (worn)
 s - a +0 buckler (worn)
 G - a +2 helmet of intelligence (worn)
 H - the +0 ring mail of Hedi (worn) {rF++ rC+ SInv}
   (You found it on level 6 of the Dungeon)

   It greatly protects you from fire.
   It protects you from cold.
   It lets you see invisible.
Jewellery
 j - a ring of protection from magic (right hand)
 u - an uncursed ring of resist corrosion
 w - an uncursed ring of protection from cold
 B - a ring of protection from cold (left hand)
 K - an uncursed ring of see invisible {unknown}
Wands
 a - a wand of iceblast (6/15)
 p - a wand of digging (11/24)
 v - a wand of polymorph (11/24)
 P - a wand of random effects (30/48)
 Q - a wand of confusion (30/48)
Scrolls
 d - 4 scrolls of teleportation
 C - 3 scrolls of blinking
 E - a scroll of enchant weapon
 F - 2 scrolls of magic mapping
 L - a scroll of holy word
 M - a scroll of amnesia
Potions
 g - 2 potions of ambrosia
 h - 7 potions of curing
 k - 5 potions of haste
 l - a potion of degeneration {unknown}
 m - a potion of invisibility
 n - 4 potions of heal wounds
 o - a potion of resistance {unknown}
 r - 3 potions of brilliance
 z - 3 potions of agility
 D - 2 potions of flight {unknown}
Books
 b - a book of Conjurations

   Spells                             Type                      Level
   a - Magic Dart                     Conjuration                  1
   b - Searing Ray                    Conjuration                  2
   c - Dazzling Spray                 Conjuration/Hexes            3
   d - Fulminant Prism                Conjuration/Hexes            4
   e - Force Lance                    Conjuration/Translocation    4
   f - Iskenderun's Mystic Blast      Conjuration                  4
 q - Vehumet's Catalogue of Attacks
   (You found it on level 6 of the Dungeon)

   Spells                             Type                      Level
   a - Sting                          Conjuration/Poison           1
 y - a book of Misfortune

   Spells                             Type                      Level
   a - Confusing Touch                Hexes                        1
   b - Confuse                        Hexes                        3
   c - Gell's Gravitas                Translocation                3
   d - Petrify                        Transmutation/Earth          4
   e - Metabolic Englaciation         Hexes/Ice                    5
   f - Yara's Violent Unravelling     Hexes/Transmutation          5
 A - a book of Minor Magic

   Spells                             Type                      Level
   a - Magic Dart                     Conjuration                  1
   b - Blink                          Translocation                2
   c - Call Imp                       Summoning                    2
   d - Slow                           Hexes                        2
   e - Conjure Flame                  Conjuration/Fire             3
   f - Mephitic Cloud                 Conjuration/Poison/Air       3
 J - a book of Enchantments

   Spells                             Type                      Level
   a - Cause Fear                     Hexes                        4
   b - Yara's Violent Unravelling     Hexes/Transmutation          5
   c - Silence                        Hexes/Air                    5
   d - Deflect Missiles               Charms/Air                   6
   e - Discord                        Hexes                        8
Comestibles
 c - 10 bread rations
 i - 5 royal jellies
 x - 6 meat rations


   Skills:
 + Level 5.1 Fighting
 + Level 1.5 Armour
 + Level 7.9 Dodging
 - Level 2.4 Stealth
 - Level 4.0 Shields
 - Level 10.0 Spellcasting
 - Level 9.0 Conjurations
 + Level 6.5 Hexes
 - Level 3.3 Translocations
 - Level 5.0 Evocations


You had 16 spell levels left.
You knew the following spells:

 Your Spells              Type           Power        Failure   Level  Hunger
a - Magic Dart            Conj           ####         1%          1    None
b - Blink                 Tloc           N/A          7%          2    None
e - Searing Ray           Conj           ######       1%          2    None
f - Fulminant Prism       Conj/Hex       ######....   8%          4    None
i - Iskenderun's Mystic   Conj           ######..     4%          4    None


Dungeon Overview and Level Annotations

Branches:
Dungeon (10/15)            Temple (1/1) D:5            Lair (0/6) D:8
    Orc (0/2) D:11

Altars:
Ashenzari
Cheibriados
Dithmenos
Elyvilon
Fedhas
Gozag
Hepliaklqana
Kikubaaqudgha
Makhleb
Nemelex Xobeh
Okawaru
Qazlal
Ru
Sif Muna
Trog
Uskayaw
Vehumet
Wu Jian
Xom
Yredelemnul
Zin
The Shining One

Shops:
D:6 (:


Message History

* * * LOW HITPOINT WARNING * * *
The freezing wraith drains your vigour!
You feel as though you will be slow longer.
You feel sick.
The skeletal warrior hits you but does no damage.
You are more poisoned.
Found a wand of polymorph (?/24).
You feel sick.
The freezing wraith hits you but does no damage.
The freezing wraith misses you. You block the freezing wraith's attack.
The freezing wraith barely misses you.
You feel sick.
The death knight offers itself to Yredelemnul, and fills with unholy energy.
You feel better. The freezing wraith hits you!
* * * LOW HITPOINT WARNING * * *
The freezing wraith freezes you. You resist.
* * * LOW HITPOINT WARNING * * *
The freezing wraith misses you. The skeletal warrior barely misses you.
The freezing wraith hits you!
You die...

**,*,*
**,,,,,,,**,**
**#.#
**,,,,,***,,, #.#
**,,,** **** #.#
**+** * #.# *,* *
#.# *,* * #/#
**,** *
#.#####*,,,#* *
#@#...#,,...* *
#W#...##...#******
#Wzp5...#,** *,,,,
#..5....#,****,***
#...........,,,*
###...###.##****
#...# *,* #####
*,********
*,**,,,,,,


You could see a skeletal warrior, 2 freezing wraiths and a crimson imp.

Vanquished Creatures
  2 two-headed ogres
  A troll (D:8)
  Grinder (Sewer)
  A hornet (D:9)
  Eustachio (D:5)
  2 hungry ghosts (D:9)
  2 orc warriors
  A phantom (D:4)
  An ice beast (D:9)
  A sky beast (D:8)
  An eye of draining (D:9)
  A slave (D:9)
  5 ogres
  A wolf (D:8)
  2 centaurs
  A crocodile (D:9)
  4 big kobolds
  5 gnoll sergeants (D:6)
  3 bullfrogs
  A scorpion (D:9)
  10 killer bees
  7 wights
  A howler monkey (D:6)
  3 electric eels (D:8)
  3 jellies
  3 crimson imps
  2 centaur zombies
  A quasit (Sewer)
  9 hounds
  A bullfrog skeleton (D:10)
  5 orc priests
  10 orc wizards
  4 iguanas
  6 worker ants
  A hound skeleton (D:4)
  A worker ant zombie (D:8)
  16 gnolls
  5 adders
  7 shadow imps
  2 ufetubi (Sewer)
  2 oozes
  5 worms
  A dart slug (D:4)
  5 leopard geckos
  29 orcs
  2 ball pythons
  11 giant cockroaches
  7 goblins
  4 hobgoblins
  10 jackals
  3 quokkas (D:3)
  A ball python skeleton (D:5)
  8 bats
  7 frilled lizards
  35 kobolds
  A kobold zombie (Sewer)
  A leopard gecko skeleton (D:9)
  6 rats
272 creatures vanquished.

Vanquished Creatures (others)
  An eye of draining (D:9)
  An orc priest (D:9)
  A big kobold zombie (Sewer)
  An adder (D:9)
  An orc (D:9)
5 creatures vanquished.

Grand Total: 277 creatures vanquished

Notes
Turn   | Place    | Note
-------+----------+-------------------------------------------
     0 | D:1      | EvilAshe the Deep Elf Conjurer began the quest for the Orb.
     0 | D:1      | Reached XP level 1. HP: 10/10 MP: 6/6
   443 | D:1      | Reached XP level 2. HP: 15/15 MP: 2/8
   502 | D:1      | Learned a level 2 spell: Searing Ray
   996 | D:2      | Reached skill level 5 in Conjurations
  1067 | D:2      | Reached XP level 3. HP: 19/19 MP: 6/10
  1472 | D:2      | Found a hide-covered altar of Uskayaw.
  1760 | D:2      | Found a glowing silver altar of Zin.
  1770 | D:2      | Found a sparkling altar of Nemelex Xobeh.
  1791 | D:2      | Reached skill level 4 in Spellcasting
  1967 | D:3      | Reached skill level 1 in Shields
  1967 | D:3      | Reached XP level 4. HP: 24/24 MP: 8/12
  2502 | D:3      | Reached XP level 5. HP: 28/28 MP: 8/13
  2532 | D:3      | Found a hazy altar of Hepliaklqana.
  2664 | D:3      | Found a sparkling altar of Nemelex Xobeh.
  2710 | D:3      | Learned a level 4 spell: Iskenderun's Mystic Blast
  2721 | D:4      | Noticed an ogre
  2778 | D:4      | Noticed an ogre
  2911 | D:3      | Killed an ogre
  2911 | D:3      | Reached skill level 5 in Spellcasting
  3131 | D:4      | Reached XP level 6. HP: 31/32 MP: 11/15
  3564 | D:4      | Reached skill level 6 in Spellcasting
  3564 | D:4      | Reached XP level 7. HP: 36/36 MP: 6/18
  3730 | D:3      | Learned a level 4 spell: Fulminant Prism
  3887 | D:4      | Found an iron altar of Okawaru.
  3967 | D:5      | Entered Level 5 of the Dungeon
  4011 | D:5      | Noticed Eustachio
  4255 | D:5      | Found a sacrificial altar of Ru.
  4289 | D:5      | Found a staircase to the Ecumenical Temple.
  4295 | Temple   | Entered the Ecumenical Temple
  4442 | D:5      | Reached skill level 7 in Spellcasting
  4547 | D:5      | Killed Eustachio
  4547 | D:5      | Reached XP level 8. HP: 41/41 MP: 4/21
  4923 | D:5      | Learned a level 2 spell: Blink
  5016 | D:5      | Found a burning altar of Makhleb.
  5117 | D:6      | Found Wahuesau's Book Boutique.
  5373 | D:6      | Reached skill level 1 in Evocations
  5387 | D:6      | Got a bloodstained ring mail
  5402 | D:6      | Found a glowing drain.
  5412 | Sewer    | Entered a sewer
  5413 | Sewer    | Identified the cursed +0 ring mail of Hedi {rF++ rC+ SInv} (You found it on level 6 of the Dungeon)
  5687 | Sewer    | Found a burning altar of Makhleb.
  5699 | Sewer    | Reached skill level 1 in Fighting
  5764 | Sewer    | Noticed Grinder
  5780 | Sewer    | Killed Grinder
  5780 | Sewer    | Reached skill level 8 in Spellcasting
  6510 | D:6      | Found a radiant altar of Vehumet.
  6542 | D:6      | Identified Vehumet's Catalogue of Attacks
  6570 | D:6      | Found an ancient bone altar of Kikubaaqudgha.
  6580 | D:6      | Found a deep blue altar of Sif Muna.
  7431 | D:6      | Found Duenuacy's Antique Weapon Emporium.
  7432 | D:6      | Reached XP level 9. HP: 48/48 MP: 18/23
  7476 | D:6      | Found a deep blue altar of Sif Muna.
  7484 | D:6      | Became a worshipper of Sif Muna the Loreminder
  8510 | D:6      | Reached skill level 9 in Spellcasting
  8627 | D:7      | Reached skill level 5 in Dodging
  8952 | D:7      | Reached skill level 1 in Hexes
  9774 | D:7      | Found a stormy altar of Qazlal.
  9867 | D:7      | Found an opulent altar of Gozag.
 10509 | D:8      | Reached * piety under Sif Muna
 10615 | D:8      | Found a basalt altar of Yredelemnul.
 10617 | D:8      | Noticed a profane servitor
 10624 | D:8      | Found a glowing golden altar of the Shining One.
 10626 | D:8      | Noticed an angel
 10790 | D:8      | Noticed a troll
 10792 | D:8      | Killed a troll
 10799 | D:8      | Reached skill level 5 in Evocations
 11089 | D:8      | Reached XP level 10. HP: 56/56 MP: 22/25
 11111 | D:8      | Found a staircase to the Lair.
 11318 | D:8      | Reached skill level 10 in Spellcasting
 11318 | D:8      | Reached skill level 1 in Translocations
 12139 | D:9      | Noticed Pikel
 12153 | D:9      | Noticed Pikel
 12153 | D:9      | Pikel changed into Pikel the eye of draining
 12158 | D:9      | Killed Pikel the eye of draining
 12324 | D:9      | Noticed a two-headed ogre
 12377 | D:9      | Killed a two-headed ogre
 12377 | D:9      | Reached ** piety under Sif Muna
 12377 | D:9      | Reached skill level 5 in Hexes
 12945 | D:10     | Entered Level 10 of the Dungeon
 13491 | D:10     | Noticed a two-headed ogre
 13520 | D:10     | Killed a two-headed ogre
 13520 | D:10     | Reached skill level 5 in Fighting
 13520 | D:10     | Reached skill level 1 in Armour
 13645 | D:10     | You fall through a shaft!
 13649 | D:11     | Noticed an unseen horror
 13662 | D:11     | Noticed a death knight
 13662 | D:11     | Noticed a skeletal warrior
 13666 | D:11     | Slain by a freezing wraith

Vault maps used:
D:1:      wheals_arrival_linesprint
D:2:      nicolae_overflow_crystal_walls, amethyst_overflow_temple_binary,
          serial_bayou, serial_bayou_crossing, serial_bayou_ford_a,
          serial_bayou_pond_e, serial_bayou_pond_a, hangedman_feature_mirror,
          minmay_misc_feat_plants
D:3:      nicolae_overflow_hidden_temple, first_bread, lemuel_statue_altar
D:4:      old_standard_altar
D:5:      makhleb_blood_cavern_becter, temple_green, enter_ossuary_2,
          nicolae_ru_awakened_eye, uniq_eustachio
D:6:      palyth_temple_overflow_mages, serial_gnoll_camp,
          gnoll_camp_mini_sergeant, gnoll_camp_mini_shop, gnoll_camp_mini_house,
          gnoll_camp_mini_shop, basic_altar, portal_sewer_entry_f,
          minmay_liquid_box, wad_floor_pattern_1, sword_in_stone
D:7:      marbit_many_paths, grunt_qazlal_clouds, grunt_ogre_cave
D:8:      grunt_temple_overflow_holy_war, erik_lair_island
D:9:      uniq_pikel
D:11:     orc_0_dummy, lemuel_oklob_altar
Temple:   dpeg_three_leaves_temple
Sewer:    kennysheep_sewer_church

Skill      XL: |  1  2  3  4  5  6  7  8  9 10 |
---------------+-------------------------------+-----
Conjurations   | 5 6 7 8 9 |  9.0
Spellcasting   | 4 5 6 7 8 9 10 | 10.0
Shields        | 1 2 3 4 |  4.0
Evocations     | 3 5 |  5.0
Fighting       | 2 3 5 |  5.1
Dodging        | 4 6 7 |  7.9
Hexes          | 3 6 |  6.5
Translocations | 3 |  3.3
Armour         | 1 |  1.5
Stealth        | |  2.4

Action                   |  1- 3 |  4- 6 |  7- 9 | 10-12 || total
-------------------------+-------+-------+-------+-------++-------
Melee: Spear             |    30 |     6 |   111 |       ||   147
       War axe           |       |       |    63 |    66 ||   129
 Cast: Magic Dart        |    50 |    56 |   261 |    68 ||   435
       Searing Ray       |     4 |     5 |    16 |     4 ||    29
       Iskenderun's Myst |       |    10 |    89 |    45 ||   144
Evoke: Wand              |       |     6 |     1 |     4 ||    11
  Use: Scroll            |       |       |    18 |     4 ||    22
       Potion            |       |       |       |     1 ||     1
 Stab: Sleeping          |     5 |       |     2 |       ||     7
       Confused          |       |     1 |       |       ||     1
  Eat: Chunk             |     3 |     6 |    24 |     9 ||    42
       Fruit             |       |       |     1 |       ||     1
       Royal jelly       |       |       |     1 |       ||     1
Armor: Robe              |     5 |       |    11 |       ||    16
       Ring mail         |       |       |   122 |    40 ||   162
Dodge: Dodged            |    24 |    11 |   164 |    73 ||   272
Block: Buckler           |     4 |     7 |    85 |    20 ||   116

Table legend:
 A = Spawn XP
 B = Non-spawn XP
 C = Spawn XP percentage of total XP
 D = Spawn monster count
 E = Non-spawn monster count
 F = Spawn count percentage of total count
 G = Total turns spent on level
                    A         B        C        D         E        F      G
               +---------+---------+-------+---------+---------+-------+---------
         Total |       0 |    9677 |   0.0 |       0 |     271 |   0.0 | 13666
               +---------+---------+-------+---------+---------+-------+---------
           D:1 |       0 |      23 |   0.0 |       0 |      14 |   0.0 |   974
           D:2 |       0 |      77 |   0.0 |       0 |      21 |   0.0 |  1088
           D:3 |       0 |     226 |   0.0 |       0 |      28 |   0.0 |   990
           D:4 |       0 |     583 |   0.0 |       0 |      13 |   0.0 |  1005
           D:5 |       0 |     885 |   0.0 |       0 |      29 |   0.0 |  1444
           D:6 |       0 |    1405 |   0.0 |       0 |      43 |   0.0 |  1998
           D:7 |       0 |    1036 |   0.0 |       0 |      18 |   0.0 |  1883
           D:8 |       0 |    1531 |   0.0 |       0 |      38 |   0.0 |  1232
           D:9 |       0 |    2502 |   0.0 |       0 |      26 |   0.0 |  1442
          D:10 |       0 |    1054 |   0.0 |       0 |       9 |   0.0 |   477
         Sewer |       0 |     355 |   0.0 |       0 |      32 |   0.0 |  1002
               +---------+---------+-------+---------+---------+-------+---------
